| TOP OF THE 1ST |
|
Kansas City Royals batting - Pitching for Cincinnati Reds : RHP Mike Mussina
|
|
Pitching: RHP Mike Mussina
|
|
|
Batting: SHB Roberto Alomar
|
0-0: Called Strike 0-1: Ball 1-1: Foul Ball, location: 2F 1-2: Strikes out swinging
|
|
Batting: LHB Ray Lankford
|
0-0: Ground out 4-3 (Groundball, 4, EV 85.6 MPH)
|
|
Batting: LHB Jim Thome
|
0-0: Called Strike 0-1: Called Strike 0-2: Ball 1-2: SOLO HOME RUN (Flyball, 78XD, EV 103.8 MPH), Distance : 384 ft
|
|
Batting: LHB Jeromy Burnitz
|
0-0: Foul Ball, location: 2F 0-1: Ball 1-1: Foul Ball, location: 2F 1-2: Strikes out swinging
|
| Top of the 1st over - 1 run, 1 hit, 0 errors, 0 left on base; Kansas City 1 - Cincinnati 0 |
| BOTTOM OF THE 1ST |
|
Cincinnati Reds batting - Pitching for Kansas City Royals : RHP Kevin Brown
|
|
Pitching: RHP Kevin Brown
|
|
|
Batting: LHB Fernando Vina
|
0-0: Swinging Strike 0-1: Ball 1-1: Ball 2-1: Fly out, F9 (Flyball, 9, EV 86.9 MPH)
|
|
Batting: RHB Scott Rolen
|
0-0: Ball 1-0: Fly out, F4 (Popup, 4MD, EV 58.1 MPH)
|
|
Batting: SHB Bernie Williams
|
0-0: Foul Ball, location: 2F 0-1: Ball 1-1: SINGLE (Groundball, 34D, EV 102.5 MPH)
|
|
Batting: LHB Bobby Higginson
|
0-0: Called Strike 0-1: Called Strike 0-2: Ball 1-2: Fly out, F7 (Line Drive, 78M, EV 95.6 MPH)
|
| Bottom of the 1st over - 0 runs, 1 hit, 0 errors, 1 left on base; Kansas City 1 - Cincinnati 0 |
| TOP OF THE 2ND |
|
Kansas City Royals batting - Pitching for Cincinnati Reds : RHP Mike Mussina
|
|
Batting: LHB Rick Wilkins
|
0-0: Swinging Strike 0-1: Ball 1-1: Ball 2-1: Ground out U3 (Groundball, 3, EV 91.3 MPH)
|
|
Batting: RHB Barry Larkin
|
0-0: Called Strike 0-1: Ball 1-1: Swinging Strike 1-2: Ball 2-2: Ball 3-2: Base on Balls
|
|
Batting: RHB Richard Hidalgo
|
0-0: Ball 1-0: Called Strike 1-1: Swinging Strike 1-2: Foul Ball, location: 2F 1-2: Fly out, F2 (Popup, 25F, EV 89.4 MPH)
|
|
Batting: RHB Andruw Jones
|
0-0: SINGLE (Groundball, 56D, EV 105.6 MPH) Barry Larkin to second
|
|
Batting: RHB Tim Naehring
|
0-0: Called Strike 0-1: Foul Ball, location: 2F 0-2: SINGLE (Groundball, 56D, EV 105.6 MPH) Barry Larkin to third Andruw Jones to second Runner from 3rd tries for Home, SAFE, no throw by LF
|
|
Batting: SHB Roberto Alomar
|
0-0: Ground out 3-1 (Groundball, 34, EV 88.1 MPH)
|
| Top of the 2nd over - 1 run, 2 hits, 0 errors, 2 left on base; Kansas City 2 - Cincinnati 0 |
| BOTTOM OF THE 2ND |
|
Cincinnati Reds batting - Pitching for Kansas City Royals : RHP Kevin Brown
|
|
Batting: LHB Fred McGriff
|
0-0: Called Strike 0-1: Fly out, F7 (Flyball, 78M, EV 86.3 MPH)
|
|
Batting: SHB Scott Spiezio
|
0-0: Ball 1-0: Ball 2-0: Ground out 4-3 (Groundball, 34D, EV 104.4 MPH)
|
|
Batting: LHB Dave Nilsson
|
0-0: Called Strike 0-1: Ball 1-1: Called Strike 1-2: Strikes out swinging
|
| Bottom of the 2nd over - 0 runs, 0 hits, 0 errors, 0 left on base; Kansas City 2 - Cincinnati 0 |
| TOP OF THE 3RD |
|
Kansas City Royals batting - Pitching for Cincinnati Reds : RHP Mike Mussina
|
|
Batting: LHB Ray Lankford
|
0-0: Ball 1-0: Foul Ball, location: 2F 1-1: Ball 2-1: Fly out, F9 (Flyball, 9S, EV 88.1 MPH)
|
|
Batting: LHB Jim Thome
|
0-0: Foul Ball, location: 2F 0-1: Ball 1-1: Ground out 4-3 (Groundball, 4, EV 86.3 MPH)
|
|
Batting: LHB Jeromy Burnitz
|
0-0: SINGLE (Groundball, 6MD, EV 101.3 MPH)
|
|
Batting: LHB Rick Wilkins
|
0-0: Called Strike 0-1: Called Strike 0-2: Ball 1-2: Ball 2-2: Ball 3-2: Strikes out looking
|
| Top of the 3rd over - 0 runs, 1 hit, 0 errors, 1 left on base; Kansas City 2 - Cincinnati 0 |
| BOTTOM OF THE 3RD |
|
Cincinnati Reds batting - Pitching for Kansas City Royals : RHP Kevin Brown
|
|
Batting: SHB Omar Vizquel
|
0-0: Called Strike 0-1: Ball 1-1: Ball 2-1: Ground out 4-3 (Groundball, 4, EV 77.5 MPH)
|
|
Batting: SHB Dwayne Hosey
|
0-0: Swinging Strike 0-1: Ball 1-1: Fly out, F8 (Line Drive, 8RM, EV 91.3 MPH)
|
|
Batting: LHB Fernando Vina
|
0-0: Ball 1-0: Ball 2-0: Called Strike 2-1: Ground out 4-3 (Groundball, 4S, EV 86.3 MPH)
|
| Bottom of the 3rd over - 0 runs, 0 hits, 0 errors, 0 left on base; Kansas City 2 - Cincinnati 0 |
| TOP OF THE 4TH |
|
Kansas City Royals batting - Pitching for Cincinnati Reds : RHP Mike Mussina
|
|
Batting: RHB Barry Larkin
|
0-0: DOUBLE (Flyball, 8LXD, EV 95.0 MPH)
|
|
Batting: RHB Richard Hidalgo
|
0-0: Called Strike 0-1: Ball 1-1: Called Strike 1-2: SINGLE (Groundball, 6MD, EV 104.4 MPH) Barry Larkin to third Runner from 3rd tries for Home, SAFE, throw by CF to home
|
|
Batting: RHB Andruw Jones
|
0-0: Foul Ball, location: 2F 0-1: Ball 1-1: Foul Ball, location: 2F 1-2: Foul Ball, location: 2F 1-2: Ball 2-2: Ball 3-2: Foul Ball, location: 2F 3-2: Foul Ball, location: 2F 3-2: Strikes out looking
|
|
Batting: RHB Tim Naehring
|
0-0: Swinging Strike 0-1: Foul Ball, location: 2F 0-2: Grounds into double play, 6-4-3 (Groundball, 6, EV 106.3 MPH)
|
| Top of the 4th over - 1 run, 2 hits, 0 errors, 0 left on base; Kansas City 3 - Cincinnati 0 |
| BOTTOM OF THE 4TH |
|
Cincinnati Reds batting - Pitching for Kansas City Royals : RHP Kevin Brown
|
|
Batting: RHB Scott Rolen
|
0-0: Called Strike 0-1: SINGLE (Groundball, 56D, EV 103.8 MPH)
|
|
Batting: SHB Bernie Williams
|
0-0: Called Strike 0-1: Foul Ball, location: 2F 0-2: Foul Ball, location: 2F 0-2: Ball 1-2: Strikes out swinging
|
|
Batting: LHB Bobby Higginson
|
0-0: Foul Ball, location: 2F 0-1: Foul Ball, location: 2F 0-2: Ball 1-2: Strikes out looking
|
|
Batting: LHB Fred McGriff
|
0-0: Swinging Strike 0-1: Ball 1-1: Swinging Strike 1-2: Ball Scott Rolen steals 2nd base 2-2: Foul Ball, location: 2F 2-2: Ball 3-2: Foul Ball, location: 2F 3-2: Strikes out looking
|
| Bottom of the 4th over - 0 runs, 1 hit, 0 errors, 1 left on base; Kansas City 3 - Cincinnati 0 |
| TOP OF THE 5TH |
|
Kansas City Royals batting - Pitching for Cincinnati Reds : RHP Mike Mussina
|
|
Batting: SHB Roberto Alomar
|
0-0: Foul Ball, location: 2F 0-1: Ball 1-1: Ball 2-1: TRIPLE (Line Drive, 9LD, EV 105.0 MPH)
|
|
Batting: LHB Ray Lankford
|
0-0: Ball 1-0: Ball 2-0: Swinging Strike 2-1: Foul Ball, location: 2F 2-2: Strikes out swinging
|
|
Batting: LHB Jim Thome
|
0-0: Called Strike 0-1: Ball 1-1: Called Strike 1-2: Ball 2-2: Ball 3-2: Strikes out looking
|
|
Batting: LHB Jeromy Burnitz
|
0-0: Called Strike 0-1: Ball 1-1: Foul Ball, location: 2F 1-2: Ball 2-2: Foul Ball, location: 2F 2-2: Fly out, F9 (Flyball, 9, EV 88.1 MPH)
|
| Top of the 5th over - 0 runs, 1 hit, 0 errors, 1 left on base; Kansas City 3 - Cincinnati 0 |
| BOTTOM OF THE 5TH |
|
Cincinnati Reds batting - Pitching for Kansas City Royals : RHP Kevin Brown
|
|
Batting: SHB Scott Spiezio
|
0-0: Ball 1-0: Called Strike 1-1: Ball 2-1: Foul Ball, location: 2F 2-2: Foul Ball, location: 2F 2-2: SINGLE (Groundball, 4MD, EV 103.1 MPH)
|
|
Batting: LHB Dave Nilsson
|
0-0: Swinging Strike 0-1: Ball 1-1: Called Strike 1-2: SINGLE (Flyball, 7S, EV 95.0 MPH) Scott Spiezio to second
|
|
Batting: SHB Omar Vizquel
|
0-0: Bunt missed! 0-1: Ball 1-1: Bunted foul 1-2: SINGLE (Groundball, 4, EV 87.5 MPH) (infield hit) Scott Spiezio to third Dave Nilsson to second
|
|
Batting: SHB Dwayne Hosey
|
0-0: Ball 1-0: SINGLE (Groundball, 4MD, EV 93.8 MPH) Scott Spiezio scores Dave Nilsson to third Omar Vizquel to second
|
|
Batting: LHB Fernando Vina
|
0-0: SINGLE (Line Drive, 78M, EV 106.9 MPH) Dave Nilsson scores Omar Vizquel to third Dwayne Hosey to second
|
|
Batting: RHB Scott Rolen
|
0-0: Ball 1-0: Called Strike 1-1: Ball 2-1: Called Strike 2-2: Ball 3-2: Grounds into double play, 6-4-3 (Groundball, 6, EV 105.6 MPH) Omar Vizquel scores Dwayne Hosey to third
|
|
Batting: SHB Bernie Williams
|
0-0: Called Strike 0-1: Foul Ball, location: 2F 0-2: Ball 1-2: Ball 2-2: Strikes out swinging
|
| Bottom of the 5th over - 3 runs, 5 hits, 0 errors, 1 left on base; Kansas City 3 - Cincinnati 3 |
| TOP OF THE 6TH |
|
Kansas City Royals batting - Pitching for Cincinnati Reds : RHP Mike Mussina
|
|
Batting: LHB Rick Wilkins
|
0-0: Fly out, F9 (Flyball, 89M, EV 97.5 MPH)
|
|
Batting: RHB Barry Larkin
|
0-0: Ball 1-0: Foul Ball, location: 2F 1-1: Foul Ball, location: 2F 1-2: Ball 2-2: Foul Ball, location: 2F 2-2: Ground out 6-3 (Groundball, 6, EV 88.1 MPH)
|
|
Batting: RHB Richard Hidalgo
|
0-0: Ball 1-0: Called Strike 1-1: SINGLE (Line Drive, 9LM, EV 112.5 MPH)
|
|
Batting: RHB Andruw Jones
|
0-0: Ball 1-0: Swinging Strike 1-1: Ball 2-1: SINGLE (Line Drive, 8LS, EV 108.8 MPH) Richard Hidalgo to second
|
|
Batting: RHB Tim Naehring
|
0-0: Ball 1-0: Called Strike 1-1: Foul Ball, location: 2F 1-2: Ball 2-2: Ball 3-2: Base on Balls Richard Hidalgo to third Andruw Jones to second
|
|
Batting: SHB Roberto Alomar
|
0-0: Called Strike 0-1: Called Strike 0-2: Fly out, F6 (Flyball, 6D, EV 86.9 MPH)
|
| Top of the 6th over - 0 runs, 2 hits, 0 errors, 3 left on base; Kansas City 3 - Cincinnati 3 |
| BOTTOM OF THE 6TH |
|
Cincinnati Reds batting - Pitching for Kansas City Royals : RHP Kevin Brown
|
|
Batting: LHB Bobby Higginson
|
0-0: Ground out 4-3 (Groundball, 4, EV 85.0 MPH)
|
|
Batting: LHB Fred McGriff
|
0-0: Ball 1-0: Foul Ball, location: 2F 1-1: Ball 2-1: Ball 3-1: Called Strike 3-2: Foul Ball, location: 2F 3-2: Base on Balls
|
|
Batting: SHB Scott Spiezio
|
0-0: Ball 1-0: Called Strike 1-1: Fielders Choice at 2nd, 1-6 (Groundball, 34S, EV 89.4 MPH)
|
|
Batting: LHB Dave Nilsson
|
0-0: Ball 1-0: Fly out, F8 (Flyball, 78XD, EV 97.5 MPH)
|
| Bottom of the 6th over - 0 runs, 0 hits, 0 errors, 1 left on base; Kansas City 3 - Cincinnati 3 |
| TOP OF THE 7TH |
|
Kansas City Royals batting - Pitching for Cincinnati Reds : RHP Mike Mussina
|
|
Batting: LHB Ray Lankford
|
0-0: Swinging Strike 0-1: Ball 1-1: Swinging Strike 1-2: Ball 2-2: Foul Ball, location: 2F 2-2: Strikes out swinging
|
|
Batting: LHB Jim Thome
|
0-0: Called Strike 0-1: Foul Ball, location: 2F 0-2: Foul Ball, location: 2F 0-2: Fly out, F8 (Line Drive, 8LD, EV 92.5 MPH)
|
|
Batting: LHB Jeromy Burnitz
|
0-0: Ball 1-0: Foul Ball, location: 2F 1-1: Called Strike 1-2: Ball 2-2: Ball 3-2: Ground out U3 (Groundball, 3, EV 85.6 MPH)
|
| Top of the 7th over - 0 runs, 0 hits, 0 errors, 0 left on base; Kansas City 3 - Cincinnati 3 |
| BOTTOM OF THE 7TH |
|
Cincinnati Reds batting - Pitching for Kansas City Royals : RHP Kevin Brown
|
|
Batting: SHB Omar Vizquel
|
0-0: Ball 1-0: Ball 2-0: Called Strike 2-1: Ball 3-1: Base on Balls
|
|
Batting: SHB Dwayne Hosey
|
0-0: Bunt missed! 0-1: Bunt missed! 0-2: Strikes out looking
|
|
Batting: LHB Fernando Vina
|
0-0: Ball 1-0: Ball 2-0: Called Strike 2-1: Foul Ball, location: 2F 2-2: Fielders Choice at 2nd, 4-6 (Groundball, 4, EV 84.4 MPH)
|
|
Batting: RHB Scott Rolen
|
0-0: Foul Ball, location: 2F 0-1: Swinging Strike 0-2: Foul Ball, location: 2F 0-2: Strikes out swinging passed ball, reaches first! Fernando Vina to second
|
|
Batting: SHB Bernie Williams
|
0-0: Called Strike 0-1: Swinging Strike 0-2: Ball 1-2: Strikes out swinging
|
| Bottom of the 7th over - 0 runs, 0 hits, 0 errors, 2 left on base; Kansas City 3 - Cincinnati 3 |
| TOP OF THE 8TH |
|
Kansas City Royals batting - Pitching for Cincinnati Reds : RHP Mike Mussina
|
|
Pitching: RHP Doug Henry
|
|
|
Batting: LHB Rick Wilkins
|
0-0: Ground out 6-3 (Groundball, 4MS, EV 82.5 MPH)
|
|
Batting: RHB Barry Larkin
|
0-0: Foul Ball, location: 2F 0-1: Foul Ball, location: 2F 0-2: Reached on error, E5 (Groundball, 5L, EV 78.1 MPH)
|
|
Batting: RHB Richard Hidalgo
|
0-0: Called Strike 0-1: Ball 1-1: Foul Ball, location: 2F 1-2: Ball 2-2: Strikes out looking
|
|
Batting: RHB Andruw Jones
|
0-0: Foul Ball, location: 2F 0-1: Ball 1-1: Ball 2-1: Ball 3-1: Ground out 5-3 (Groundball, 56S, EV 64.4 MPH)
|
| Top of the 8th over - 0 runs, 0 hits, 1 error, 1 left on base; Kansas City 3 - Cincinnati 3 |
| BOTTOM OF THE 8TH |
|
Cincinnati Reds batting - Pitching for Kansas City Royals : RHP Kevin Brown
|
|
Batting: LHB Bobby Higginson
|
0-0: Ball 1-0: Ball 2-0: Ground out 4-3 (Groundball, 4, EV 108.1 MPH)
|
|
Batting: LHB Fred McGriff
|
0-0: Ball 1-0: Ball 2-0: Ground out 3-1 (Groundball, 34, EV 102.5 MPH)
|
|
Batting: SHB Scott Spiezio
|
0-0: Foul Ball, location: 2F 0-1: Ball 1-1: Fly out, F9 (Flyball, 89D, EV 91.9 MPH)
|
| Bottom of the 8th over - 0 runs, 0 hits, 0 errors, 0 left on base; Kansas City 3 - Cincinnati 3 |
| TOP OF THE 9TH |
|
Kansas City Royals batting - Pitching for Cincinnati Reds : RHP Doug Henry
|
|
Batting: RHB Tim Naehring
|
0-0: Called Strike 0-1: Ball 1-1: Called Strike 1-2: Ground out 4-3 (Groundball, 4, EV 105.6 MPH)
|
|
Batting: SHB Roberto Alomar
|
0-0: Called Strike 0-1: Swinging Strike 0-2: Foul Ball, location: 2F 0-2: Foul Ball, location: 2F 0-2: Ball 1-2: DOUBLE (Line Drive, 78D, EV 107.5 MPH)
|
|
Batting: LHB Ray Lankford
|
0-0: Foul Ball, location: 2F 0-1: Ball 1-1: Ball 2-1: Called Strike 2-2: Foul Ball, location: 2F 2-2: Foul Ball, location: 2F 2-2: Ball 3-2: Strikes out swinging
|
|
Batting: LHB Jim Thome
|
0-0: Foul Ball, location: 2F 0-1: Foul Ball, location: 2F 0-2: Foul Ball, location: 2F 0-2: Foul Ball, location: 2F 0-2: Strikes out looking
|
| Top of the 9th over - 0 runs, 1 hit, 0 errors, 1 left on base; Kansas City 3 - Cincinnati 3 |
| BOTTOM OF THE 9TH |
|
Cincinnati Reds batting - Pitching for Kansas City Royals : RHP Kevin Brown
|
|
Batting: LHB Dave Nilsson
|
0-0: SINGLE (Groundball, 6MD, EV 93.8 MPH)
|
|
Pitching: LHP Kevin Rogers
|
|
|
Batting: SHB Omar Vizquel
|
0-0: Bunted foul 0-1: Bunted foul 0-2: Ball 1-2: Ball 2-2: Foul Ball, location: 2F 2-2: Ball 3-2: DOUBLE (Line Drive, 78D, EV 107.5 MPH) Dave Nilsson to third
|
|
Pinch Hitting: RHB Javy Lopez
|
0-0: Intentional Walk
|
|
Batting: LHB Fernando Vina
|
0-0: Ball 1-0: Foul Ball, location: 2F 1-1: Swinging Strike 1-2: Ball 2-2: Ball 3-2: SINGLE (Groundball, 4, EV 77.5 MPH) (infield hit) Dave Nilsson scores
|
 |
|
Thursday, January 22nd, 2026 - OOTP Baseball 20.8 Build 74
|
|